[Event "Titled Tuesday Blitz May 2 Late 2023"]
[White "Vlassov, Nikolai"]
[Black "Yanchenko, Roman"]
[WhiteFideId "4103360"]
[BlackFideId "4137329"]
[WhiteElo "2324"]
[BlackElo "2491"]
[Result "1/2-1/2"]
[Round "06"]
[TimeControl "180+2"]
[Date "2023.05.02"]
[WhiteClock "0:00:07"]
[BlackClock "0:00:15"]

1. e4 e6 2. c4 d5 3. cxd5 exd5 4. Qb3 c6 5. Nc3 d4 6. Bc4 Qc7 7. Nce2 Bc5 8. Nf3 Nf6 9. O-O O-O 10. e5 Ng4 11. e6 Ne5 12. Nxe5 Qxe5 13. exf7+ Kh8 14. Qg3 Nd7 15. Nf4 Bd6 16. d3 Nf6 17. Bd2 Qf5 18. Qf3 g5 19. Ne2 Qxf3 20. gxf3 Nd5 21. Bxd5 cxd5 22. Nxd4 Rxf7 23. Kh1 Bh3 24. Rfe1 h6 25. Re2 Kh7 26. Rae1 Bc5 27. Nb3 Bf8 28. Nd4 Bg7 29. Bc3 Raf8 30. Kg1 Kg6 31. Ne6 Bxe6 32. Rxe6+ Kh5 33. Bxg7 Rxg7 34. Kg2 Rgf7 35. R1e3 d4 36. Re2 Rxf3 37. Rd6 Rxd3 38. Ree6 Rd2 39. Rxh6+ Kg4 40. h3+ Kf5 41. Rhe6 Rxb2 42. Re7 Rxa2 43. Rxd4 Kg6 44. Kg3 Raxf2 45. Rd6+ R2f6 46. Rxf6+ Rxf6 47. Rxb7 a5 48. Ra7 Rf5 49. h4 Rb5 50. hxg5 Kxg5 51. Kf3 Kf5 52. Ke3 Ke5 53. Kd3 Kd5 54. Kc3 Kc5 55. Rh7 Rb1 56. Rh5+ Kb6 57. Rh6+ Kb5 58. Kc2 Rb4 59. Rh5+ Ka4 60. Rh3 Rc4+ 61. Kb2 Rf4 62. Rh2 Kb4 63. Rg2 Rf3 64. Rh2 a4 65. Rh4+ Kb5 66. Rh5+ Kb6 67. Rh6+ Kc5 68. Rh5+ Kb4 69. Rh4+ Kb5 70. Rh5+ Kb4 71. Rh4+ 1/2-1/2


[Site "https://www.chess.com"]

[Event "Titled Tuesday Blitz May 2 Late 2023"]
[White "Kleiman, Jake"]
[Black "Ashraf, Artin"]
[WhiteFideId "2020041"]
[BlackFideId "22514805"]
[WhiteElo "2399"]
[BlackElo "2188"]
[Result "1-0"]
[Round "06"]
[TimeControl "180+2"]
[Date "2023.05.02"]
[WhiteClock "0:01:37"]
[BlackClock "0:00:01"]

1. e4 e5 2. Nf3 Nc6 3. Bc4 Bc5 4. c3 Nf6 5. d3 O-O 6. O-O d6 7. Bb3 h6 8. h3 Be6 9. Bc2 d5 10. Qe2 dxe4 11. dxe4 Qe7 12. Nbd2 a6 13. Nc4 Rad8 14. b4 Ba7 15. a4 Bxc4 16. Qxc4 Nb8 17. Nh4 Qe6 18. Qxe6 fxe6 19. Ng6 Rfe8 20. Nxe5 Nbd7 21. Nc4 Nb6 22. Na5 Rb8 23. Be3 Nc8 24. Bf4 e5 25. Bd2 1-0


[Site "https://www.chess.com"]

[Event "Titled Tuesday Blitz May 2 Late 2023"]
[White "Haszon, David"]
[Black "Averjanov, Alexey"]
[WhiteFideId "733610"]
[BlackFideId "14109867"]
[WhiteElo "2210"]
[BlackElo "2399"]
[Result "1-0"]
[Round "06"]
[TimeControl "180+2"]
[Date "2023.05.02"]
[WhiteClock "0:00:50"]
[BlackClock "0:01:38"]

1. d4 d5 2. Bf4 Nf6 3. e3 e6 4. Nf3 c5 5. c3 Bd6 6. Bg3 Qc7 7. Nbd2 Nbd7 8. dxc5 Nxc5 9. Rc1 O-O 10. c4 Bxg3 11. hxg3 Qe7 12. cxd5 Nxd5 13. Qc2 h6 14. Qxc5 Qd8 15. e4 Nf6 16. Be2 b6 17. Qc7 Qe8 18. O-O Bd7 19. Rfd1 Qe7 20. Ne5 Rfc8 21. Qb7 Rcb8 22. Qa6 Be8 23. Qa3 Qd8 24. Nb3 Bd7 25. Nxd7 Nxd7 26. Bb5 Rb7 27. Bc6 Rab8 28. Bxb7 Rxb7 29. Qd6 1-0


[Site "https://www.chess.com"]

[Event "Titled Tuesday Blitz May 2 Late 2023"]
[White "Berg, Olaf"]
[Black "Gritsenko, Nikolai"]
[WhiteFideId "7200420"]
[BlackFideId "14112493"]
[WhiteElo "2269"]
[BlackElo "2389"]
[Result "1/2-1/2"]
[Round "06"]
[TimeControl "180+2"]
[Date "2023.05.02"]
[WhiteClock "0:00:14"]
[BlackClock "0:00:12"]

1. e4 d5 2. Nc3 d4 3. Nce2 e5 4. d3 c5 5. f4 Nc6 6. g3 Bd6 7. Bg2 Nge7 8. Nf3 f5 9. fxe5 Nxe5 10. Nxe5 Bxe5 11. O-O O-O 12. Bg5 h6 13. Bf4 Qd6 14. Qd2 fxe4 15. Bxe4 Bh3 16. Bxe5 Rxf1+ 17. Rxf1 Qxe5 18. Qf4 Qxf4 19. Rxf4 Re8 20. Kf2 b6 21. c3 dxc3 22. bxc3 Be6 23. a3 Nd5 24. Bxd5 Bxd5 25. c4 Bf7 26. Nc3 Bg6 27. Rf3 Bf7 28. Re3 Kf8 29. Rxe8+ Bxe8 30. Ke3 Ke7 31. Nd5+ Kd6 32. Kf4 Bg6 33. Ke3 Bf7 34. Nc3 Ke5 35. Nb5 a6 36. Nc7 Kd6 37. Nxa6 Be6 38. Ke4 Bc8 39. Nb4 cxb4 40. axb4 g6 41. d4 Bf5+ 42. Kf4 Bd3 43. c5+ Kd5 44. cxb6 Ba6 45. h4 Kxd4 46. h5 gxh5 47. Kf5 Kc4 48. Kg6 Kxb4 49. Kxh5 Kb5 50. Kxh6 Kxb6 51. g4 Bd3 52. g5 Kc6 53. Kg7 Kd6 54. Kf6 Be4 55. g6 Bxg6 1/2-1/2


[Site "https://www.chess.com"]

[Event "Titled Tuesday Blitz May 2 Late 2023"]
[White "Duda, Jan-Krzysztof"]
[Black "Adewumi, Tanitoluwa"]
[WhiteFideId "1170546"]
[BlackFideId "30966396"]
[WhiteElo "2790"]
[BlackElo "2283"]
[Result "1-0"]
[Round "06"]
[TimeControl "180+2"]
[Date "2023.05.02"]
[WhiteClock "0:02:30"]
[BlackClock "0:00:36"]

1. Nf3 d5 2. c4 d4 3. b4 c5 4. e3 dxe3 5. fxe3 cxb4 6. a3 e5 7. Nxe5 Qh4+ 8. g3 Qe4 9. Nf3 Nc6 10. d3 Qe6 11. Bg2 Nf6 12. O-O bxa3 13. Nxa3 Bd6 14. d4 Qe7 15. Nb5 Bb4 16. d5 Ne5 17. d6 1-0


[Site "https://www.chess.com"]

[Event "Titled Tuesday Blitz May 2 Late 2023"]
[White "Muradli, Mahammad"]
[Black "Jovic, Stanoje"]
[WhiteFideId "13409301"]
[BlackFideId "905020"]
[WhiteElo "2558"]
[BlackElo "2236"]
[Result "1-0"]
[Round "06"]
[TimeControl "180+2"]
[Date "2023.05.02"]
[WhiteClock "0:00:40"]
[BlackClock "0:00:23"]

1. e4 c6 2. Nf3 d5 3. d3 dxe4 4. dxe4 Qxd1+ 5. Kxd1 Bg4 6. Nd2 Nd7 7. h3 Bxf3+ 8. Nxf3 O-O-O 9. Bd3 e5 10. Ke2 Bc5 11. Rd1 h6 12. c3 Ngf6 13. b4 Bb6 14. a4 a5 15. g3 Rhe8 16. Rb1 Nd5 17. Bd2 f5 18. Nh4 fxe4 19. Bxe4 N5f6 20. Bg6 Rf8 21. Nf5 Nd5 22. bxa5 Bxa5 23. c4 Bxd2 24. cxd5 Nc5 25. Rxd2 Ne4 26. Rc2 Rf6 27. Ne7+ Kd7 28. Bxe4 1-0


[Site "https://www.chess.com"]

[Event "Titled Tuesday Blitz May 2 Late 2023"]
[White "Madaminov, Mukhiddin"]
[Black "Melikyan, Gnel"]
[WhiteFideId "14210703"]
[BlackFideId "54109990"]
[WhiteElo "2511"]
[BlackElo "2138"]
[Result "1/2-1/2"]
[Round "06"]
[TimeControl "180+2"]
[Date "2023.05.02"]
[WhiteClock "0:00:04"]
[BlackClock "0:00:03"]

1. d4 Nf6 2. Nc3 d5 3. Bf4 c6 4. e3 Qb6 5. a3 Bf5 6. Bd3 Bg6 7. b4 Nbd7 8. Nf3 a5 9. Na4 Qd8 10. b5 e6 11. bxc6 bxc6 12. O-O Be7 13. h3 O-O 14. c4 c5 15. dxc5 Bxd3 16. Qxd3 Nxc5 17. Nxc5 Bxc5 18. a4 Rc8 19. Rfd1 Bb4 20. cxd5 Qxd5 21. Qa6 Qc6 22. Qxc6 Rxc6 23. Nd4 Rc4 24. Nb5 Nd5 25. Be5 h6 26. g4 Rfc8 27. Kg2 Rc2 28. Kf3 f6 29. Bd4 Kf7 30. Rd3 R8c4 31. Rdd1 Ne7 32. Ba7 Nd5 33. Bb8 Bc5 34. Bd6 Kg6 35. Bxc5 Rxc5 36. Nd4 Rb2 37. Nxe6 Rc6 38. Rxd5 Rxe6 39. Rxa5 Rd6 40. Rb5 Rc2 41. Rbb1 Rdd2 42. Rf1 Ra2 43. a5 Rxf2+ 44. Kg3 Rfe2 45. Rfe1 Rxe3+ 46. Rxe3 Rxa1 47. Rd3 Rxa5 48. Rc3 h5 49. Rd3 Kg5 50. Rc3 Ra4 51. Rc5+ Kg6 52. Rxh5 Ra3+ 53. Kg2 Ra2+ 54. Kg3 Ra3+ 55. Kh4 Rf3 56. Rh8 f5 57. g5 Ra3 58. Rg8 Ra7 59. Rf8 Ra4+ 60. Kg3 Kxg5 61. Rd8 Ra3+ 62. Kg2 g6 63. Rd7 Re3 64. Rb7 Kf4 65. Rb4+ Re4 66. Rb2 Kg5 67. Rb7 Re3 68. Rc7 f4 69. Rf7 Rg3+ 70. Kh2 Ra3 71. Kg2 Ra2+ 72. Kg1 Rd2 73. Rf8 Rc2 74. Rf7 Rc3 75. Kg2 Rg3+ 76. Kh2 Ra3 77. Kg2 Ra4 78. Kf3 Ra3+ 79. Kg2 1/2-1/2


[Site "https://www.chess.com"]

[Event "Titled Tuesday Blitz May 2 Late 2023"]
[White "Janaszak, Dawid"]
[Black "Grigoriants, Sergey"]
[WhiteFideId "1119206"]
[BlackFideId "4130804"]
[WhiteElo "2220"]
[BlackElo "2502"]
[Result "0-1"]
[Round "06"]
[TimeControl "180+2"]
[Date "2023.05.02"]
[WhiteClock "0:00:08"]
[BlackClock "0:00:16"]

1. e4 c5 2. Nc3 e6 3. Nge2 Nc6 4. g3 a6 5. Bg2 b5 6. d4 cxd4 7. Nxd4 Bb7 8. O-O Rc8 9. Bf4 d6 10. Nde2 Nf6 11. Qd2 Ne5 12. a3 Nc4 13. Qc1 Qc7 14. Rd1 Be7 15. b3 Ne5 16. Qd2 O-O 17. Rac1 Rfd8 18. h3 h6 19. Qe1 Bc6 20. Nd4 Be8 21. Nce2 Ng6 22. Be3 d5 23. exd5 Nxd5 24. Bd2 Bxa3 25. Ra1 b4 26. Be4 Nge7 27. Bd3 a5 28. Nf4 Nc3 29. Bxc3 Qxc3 30. Qe4 Rxd4 31. Qh7+ Kf8 32. Qh8+ Ng8 33. Bh7 Rcd8 34. Qxg8+ Ke7 35. Ng6+ Kf6 36. Rxd4 Qxa1+ 37. Kh2 Qxd4 38. Nf4 Qxf2+ 39. Ng2 Qxg2+ 40. Kxg2 Bc6+ 0-1


[Site "https://www.chess.com"]

[Event "Titled Tuesday Blitz May 2 Late 2023"]
[White "Remizov, Yaroslav"]
[Black "Haydon, David L"]
[WhiteFideId "34134015"]
[BlackFideId "415405"]
[WhiteElo "2412"]
[BlackElo "2326"]
[Result "1-0"]
[Round "06"]
[TimeControl "180+2"]
[Date "2023.05.02"]
[WhiteClock "0:00:08"]
[BlackClock "0:00:17"]

1. e4 c6 2. Nc3 d5 3. d4 dxe4 4. Nxe4 Bf5 5. Ng3 Bg6 6. Bc4 e6 7. N1e2 Bd6 8. O-O Qc7 9. c3 Nf6 10. f4 O-O 11. f5 exf5 12. Nxf5 Bxh2+ 13. Kh1 Re8 14. Nh6+ Kf8 15. Rxf6 gxf6 16. Ng4 Bd6 17. Nxf6 Nd7 18. Bh6+ Ke7 19. Nxe8 Rxe8 20. Qd2 Kd8 21. Nf4 Nb6 22. Bb3 Kc8 23. Rf1 Be4 24. Nh5 f5 25. Ng7 Qe7 26. Qg5 Qxg5 27. Bxg5 Rf8 28. Nxf5 Kc7 29. Be6 Na4 30. Rf2 Nxb2 31. Nxd6 Rxf2 32. Nxe4 Re2 33. Bf5 Nd3 34. Ng3 Re1+ 35. Kh2 Nf2 36. Bxh7 Ra1 37. Bg8 Ng4+ 38. Kh3 Nf2+ 39. Kh4 Re1 40. Bf4+ Kd7 41. Bh7 Re8 42. Bf5+ Kd8 43. Nh5 Rg8 44. g4 Nxg4 45. Bxg4 Rf8 46. Nf6 Re8 47. Nxe8 Kxe8 48. Kg5 b5 49. Kf5 b4 50. cxb4 a5 51. bxa5 Kd7 52. Ke5+ Kd8 53. Kd6 c5 54. Bd7 cxd4 55. a6 d3 56. a7 d2 57. Bg5# 1-0


[Site "https://www.chess.com"]

[Event "Titled Tuesday Blitz May 2 Late 2023"]
[White "Maksimovic, Bojan"]
[Black "Danielyan, Vahe"]
[WhiteFideId "14408120"]
[BlackFideId "13304828"]
[WhiteElo "2468"]
[BlackElo "2423"]
[Result "1-0"]
[Round "06"]
[TimeControl "180+2"]
[Date "2023.05.02"]
[WhiteClock "0:01:28"]
[BlackClock "0:00:02"]

1. Nf3 d5 2. g3 Nc6 3. Bg2 e5 4. d4 e4 5. Ne5 Bd6 6. Nxc6 bxc6 7. c4 Nf6 8. Nc3 Be6 9. c5 Be7 10. Qa4 Qd7 11. f3 exf3 12. exf3 O-O 13. O-O a5 14. Be3 Rfb8 15. Qc2 Bf5 16. Qd2 a4 17. a3 Rb3 18. Rfc1 Rab8 19. Nxa4 Qc8 20. Bf1 h5 21. Rc3 h4 22. Rxb3 Rxb3 23. Nc3 hxg3 24. hxg3 Qb8 25. Nd1 Bg6 26. a4 Nd7 27. a5 Qa7 28. a6 Bf6 29. Ra3 Rb8 30. b4 Re8 31. Bf2 Bh5 32. Nc3 Bxf3 33. b5 Qa8 34. a7 Rd8 35. bxc6 Nxc5 36. Nb5 Ne4 37. Qf4 Qxc6 38. Qxf3 Ng5 39. Qf5 g6 40. a8=Q Rxa8 41. Rxa8+ 1-0


[Site "https://www.chess.com"]

[Event "Titled Tuesday Blitz May 2 Late 2023"]
[White "Flores, Diego"]
[Black "Loiacono, Antonio"]
[WhiteFideId "108049"]
[BlackFideId "895415"]
[WhiteElo "2613"]
[BlackElo "2257"]
[Result "0-1"]
[Round "06"]
[TimeControl "180+2"]
[Date "2023.05.02"]
[WhiteClock "0:00:05"]
[BlackClock "0:00:51"]

1. d4 Nf6 2. c4 b6 3. Nc3 Bb7 4. f3 Nc6 5. d5 Ne5 6. e4 Ng6 7. Be3 e5 8. Qd2 Bc5 9. Nh3 Bxe3 10. Qxe3 c5 11. g3 d6 12. Nf2 Bc8 13. O-O-O Bd7 14. f4 exf4 15. gxf4 Qe7 16. h4 h5 17. e5 dxe5 18. d6 Qe6 19. Nb5 Bxb5 20. cxb5 Nxf4 21. Kb1 O-O 22. Rg1 g6 23. Rg5 Rfe8 24. b3 N6d5 25. Qc1 Qxd6 26. Bc4 Rad8 27. Ne4 Qe7 28. Rdg1 Kh7 29. Qb2 Nf6 30. Rxe5 Qxe5 31. Nxf6+ Kg7 32. Nxe8+ Rxe8 33. Qxe5+ Rxe5 34. Rd1 Re7 35. a4 Ng2 36. Rh1 Re4 37. Rf1 Rf4 38. Rd1 Nxh4 39. Rd7 Nf3 40. Rxa7 h4 41. a5 h3 42. Bxf7 Rxf7 43. axb6 h2 0-1


[Site "https://www.chess.com"]

[Event "Titled Tuesday Blitz May 2 Late 2023"]
[White "Szpar, Milosz"]
[Black "Karttunen, Mika"]
[WhiteFideId "1184989"]
[BlackFideId "502081"]
[WhiteElo "2436"]
[BlackElo "2396"]
[Result "1-0"]
[Round "06"]
[TimeControl "180+2"]
[Date "2023.05.02"]
[WhiteClock "0:00:04"]
[BlackClock "0:00:04"]

1. e4 c5 2. c3 Nf6 3. e5 Nd5 4. d4 cxd4 5. Nf3 d6 6. exd6 Qxd6 7. Nxd4 a6 8. Be2 Nf6 9. O-O e5 10. Nb3 Nc6 11. N1d2 Be6 12. Nc4 Qc7 13. Bg5 Nd7 14. Ne3 f6 15. Bh4 O-O-O 16. Bg4 Bxg4 17. Qxg4 g5 18. Nd5 Qd6 19. Nb6+ Kc7 20. Rad1 Nxb6 21. Rxd6 Bxd6 22. Bg3 h5 23. Qe4 h4 24. h3 hxg3 25. fxg3 Be7 26. Kh2 Rd7 27. Rf2 Kb8 28. Nd2 Rhd8 29. Nc4 Nxc4 30. Qxc4 Rd5 31. a4 Rd2 32. Rxd2 Rxd2 33. b4 Rd7 34. b5 axb5 35. axb5 Nd8 36. Qg4 Rc7 37. Qh5 b6 38. Qe8 Kb7 39. h4 gxh4 40. gxh4 Ne6 41. h5 Ng5 42. h6 Bd6 43. Qd8 Nf7 44. Qxf6 e4+ 45. Kh1 Re7 46. h7 e3 47. Qf3+ Kc7 48. Qc6+ Kd8 49. Qxb6+ Bc7 50. Qd4+ Ke8 51. h8=Q+ Nxh8 52. Qxh8+ Kd7 53. Qd4+ Kc8 54. Qg4+ Kb8 55. Qe2 Rd7 56. Kg1 Bb6 57. Kf1 Rf7+ 58. Ke1 Rf2 59. Qg4 Rb2 60. Qg8+ Ka7 61. Qf7+ Ka8 62. Qe8+ Kb7 63. Qd7+ Kb8 64. Qd6+ Kb7 65. Qc6+ Ka7 66. g4 Rb1+ 67. Ke2 Rb2+ 68. Kd3 Rd2+ 69. Kc4 e2 70. Qe6 Bf2 71. Qf7+ Kb8 72. Qxf2 1-0


[Site "https://www.chess.com"]

[Event "Titled Tuesday Blitz May 2 Late 2023"]
[White "Timmermans, Mark"]
[Black "Risteski, Emil"]
[WhiteFideId "1026399"]
[BlackFideId "15005267"]
[WhiteElo "2460"]
[BlackElo "2251"]
[Result "1-0"]
[Round "06"]
[TimeControl "180+2"]
[Date "2023.05.02"]
[WhiteClock "0:01:07"]
[BlackClock "0:00:08"]

1. e4 e6 2. Qe2 c5 3. g3 Nc6 4. c3 g6 5. Bg2 Bg7 6. f4 Nge7 7. Nf3 O-O 8. O-O Rb8 9. Na3 a6 10. Nc2 b5 11. d4 cxd4 12. cxd4 d5 13. e5 h5 14. h3 b4 15. g4 hxg4 16. hxg4 a5 17. Nfe1 Qb6 18. Qe3 g5 19. fxg5 Ng6 20. Rf6 Ba6 21. b3 Rbc8 22. Bd2 Nce7 23. Kh2 Rc7 24. a3 Rfc8 25. axb4 Rxc2 26. Nxc2 Rxc2 27. Rxa5 Nc6 28. Rc5 Ra2 29. Bf1 Bxf1 30. Rxf1 Nxb4 31. Qf2 Ra7 32. Rc8+ Nf8 33. g6 Qb7 34. gxf7+ Kh7 35. Qh4+ Kg6 36. Qh5# 1-0


[Site "https://www.chess.com"]

[Event "Titled Tuesday Blitz May 2 Late 2023"]
[White "Karas, Marek"]
[Black "Tristan, Leonardo"]
[WhiteFideId "14928558"]
[BlackFideId "113816"]
[WhiteElo "2233"]
[BlackElo "2461"]
[Result "1/2-1/2"]
[Round "06"]
[TimeControl "180+2"]
[Date "2023.05.02"]
[WhiteClock "0:00:12"]
[BlackClock "0:00:04"]

1. Nf3 d5 2. g3 Nf6 3. Bg2 Bf5 4. O-O e6 5. c4 c6 6. d3 dxc4 7. dxc4 Nbd7 8. Nc3 Qc7 9. Bf4 e5 10. Bg5 h6 11. Bxf6 Nxf6 12. Qa4 Be7 13. Nd5 Nxd5 14. cxd5 Bd7 15. Rac1 cxd5 16. Rxc7 Bxa4 17. Nxe5 Bd6 18. Nxf7 Bxc7 19. Nxh8 g5 20. Bxd5 O-O-O 21. Be6+ Kb8 22. Nf7 Rd2 23. Nxh6 Rd6 24. Bb3 Bxb3 25. axb3 Rxh6 26. Rd1 Rd6 27. Rxd6 Bxd6 28. Kg2 Be5 29. Kf3 Bxb2 30. Ke4 Kc7 31. Kd5 Kb6 32. f4 gxf4 33. gxf4 Kb5 34. e4 Kb4 35. e5 Kxb3 36. f5 a5 37. f6 a4 38. f7 Ba3 39. Ke6 Bf8 40. Kd7 a3 41. e6 a2 42. e7 Bxe7 43. Kxe7 a1=Q 44. f8=Q Qe5+ 45. Kd7 Qxh2 46. Qf3+ Kc4 47. Qxb7 Qh7+ 48. Kc8 Qg8+ 49. Kc7 Qf7+ 50. Kb8 Qe8+ 51. Qc8+ Qxc8+ 52. Kxc8 1/2-1/2


[Site "https://www.chess.com"]

[Event "Titled Tuesday Blitz May 2 Late 2023"]
[White "Bilych, Olexiy"]
[Black "Meunier-Pion, Jean"]
[WhiteFideId "14156504"]
[BlackFideId "20685327"]
[WhiteElo "2320"]
[BlackElo "2124"]
[Result "1-0"]
[Round "06"]
[TimeControl "180+2"]
[Date "2023.05.02"]
[WhiteClock "0:00:07"]
[BlackClock "0:00:04"]

1. d4 Nf6 2. c4 e6 3. Nf3 b6 4. g3 Bb7 5. Bg2 Be7 6. O-O O-O 7. Re1 d5 8. cxd5 exd5 9. Nc3 a6 10. Bf4 Bd6 11. Ne5 Nbd7 12. Qb3 Bxe5 13. dxe5 Nc5 14. Qc2 Nfe4 15. Rad1 Nxc3 16. bxc3 Ne6 17. Bc1 Rc8 18. c4 c6 19. Ba3 Re8 20. Bd6 dxc4 21. Qxc4 b5 22. Qe4 Qa5 23. f4 Qxa2 24. f5 Nd8 25. Bc5 Qc4 26. Qxc4 bxc4 27. Rd7 Rxe5 28. Red1 Re8 29. Bb6 c3 30. Rxd8 c2 31. Rxe8+ Rxe8 32. Rc1 Rxe2 33. Bf3 Rd2 34. Ba5 Rd3 35. Kf2 Ra3 36. Bd2 Ra2 37. Be4 Kf8 38. Bb4+ Ke8 39. Rxc2 Ra4 40. Rb2 Ba8 41. Ke3 Kd7 42. Bc3 f6 43. Rb8 Ra3 44. Kd3 c5 45. Rxa8 c4+ 46. Kxc4 Ra4+ 47. Kd3 Ra3 48. Ra7+ Kd6 49. Rxg7 h5 50. Rh7 h4 51. Rxh4 a5 52. Rh6 Ra2 53. Rxf6+ Ke7 54. Ra6 Rxh2 55. Rxa5 Rh3 56. Kd4 Rxg3 57. Bb4+ Kf6 58. Ra6+ Kf7 59. Bd5+ Ke8 60. Be6 Rg4+ 61. Kc3 Kd8 62. Bd6 Rg3+ 63. Bxg3 Ke7 64. Be5 Kf8 65. Bf6 Ke8 66. Ra8# 1-0


[Site "https://www.chess.com"]

[Event "Titled Tuesday Blitz May 2 Late 2023"]
[White "Remolar Gallen, Jose"]
[Black "Schmakel, Sam"]
[WhiteFideId "2215187"]
[BlackFideId "2039311"]
[WhiteElo "2223"]
[BlackElo "2356"]
[Result "0-1"]
[Round "06"]
[TimeControl "180+2"]
[Date "2023.05.02"]
[WhiteClock "0:00:04"]
[BlackClock "0:00:10"]

1. e4 Nc6 2. Nc3 d6 3. Bc4 g6 4. d4 Bg7 5. Nge2 e5 6. d5 Nce7 7. h4 h6 8. Be3 f5 9. f3 Nf6 10. Qd2 a6 11. O-O-O b5 12. Bb3 b4 13. Na4 a5 14. h5 g5 15. exf5 Nxf5 16. c3 Nxe3 17. Qxe3 O-O 18. g4 Bd7 19. Qd2 Qe8 20. Qc2 Kh8 21. c4 e4 22. Ng3 Qe5 23. Nxe4 Nxe4 24. fxe4 Bxg4 25. Rde1 Bf3 26. Rhf1 g4 27. c5 Rab8 28. Kb1 g3 29. Qd3 Bxe4 30. Rxf8+ Rxf8 31. Qxe4 Qxe4+ 32. Rxe4 g2 33. Rg4 Rf1+ 34. Kc2 g1=Q 35. Rxg1 Rxg1 36. Kd3 Rg4 37. cxd6 cxd6 38. Nb6 Bxb2 39. Nc4 Be5 40. Nxa5 Kg7 41. Nc6 Kf6 42. Bc4 Rg3+ 43. Ke4 Bc3 44. Bd3 Rh3 0-1


[Site "https://www.chess.com"]

[Event "Titled Tuesday Blitz May 2 Late 2023"]
[White "Bayo Milagro, Alvaro"]
[Black "Martinez Ramirez, Lennis"]
[WhiteFideId "22275240"]
[BlackFideId "3509079"]
[WhiteElo "2270"]
[BlackElo "2410"]
[Result "0-1"]
[Round "06"]
[TimeControl "180+2"]
[Date "2023.05.02"]
[WhiteClock "0:01:02"]
[BlackClock "0:01:23"]

1. Nf3 d5 2. c4 d4 3. b4 Bg4 4. Ne5 Bf5 5. d3 Nd7 6. Nf3 e5 7. a3 a5 8. b5 a4 9. g3 h6 10. Bg2 Bh7 11. O-O Bd6 12. e3 dxe3 13. Bxe3 Ngf6 14. Nc3 Nc5 15. Nxe5 Nb3 16. Ra2 Bxe5 17. Nxa4 Qxd3 18. Bxb7 Rxa4 19. Bc6+ Ke7 20. Rd2 Nxd2 21. Qxa4 Qxf1# 0-1


[Site "https://www.chess.com"]

[Event "Titled Tuesday Blitz May 2 Late 2023"]
[White "Jaracz, Pawel"]
[Black "Klenburg, Michael"]
[WhiteFideId "1102222"]
[BlackFideId "14102072"]
[WhiteElo "2438"]
[BlackElo "2396"]
[Result "1-0"]
[Round "06"]
[TimeControl "180+2"]
[Date "2023.05.02"]
[WhiteClock "0:00:03"]
[BlackClock "0:00:08"]

1. d4 d6 2. c4 e5 3. Nf3 Nd7 4. g3 Ngf6 5. Bg2 g6 6. O-O Bg7 7. Nc3 O-O 8. e4 exd4 9. Nxd4 Re8 10. h3 a6 11. a4 Rb8 12. Be3 Ne5 13. b3 c5 14. Nde2 Nc6 15. Ra2 Qc7 16. Rd2 Bf8 17. Bg5 Nd7 18. Nf4 Nb4 19. Nfd5 Nxd5 20. Nxd5 Qa5 21. Kh2 b5 22. axb5 axb5 23. f4 bxc4 24. bxc4 Bb7 25. e5 dxe5 26. f5 e4 27. fxg6 hxg6 28. Qg4 Bxd5 29. Rxd5 Ne5 30. Qxe4 Bg7 31. Rf2 Qb4 32. Bf6 Bxf6 33. Rxf6 Qb2 34. Qf4 Qe2 35. Rd2 Qxc4 36. Qg5 Rbc8 37. Bd5 Qc3 38. Rxg6+ Nxg6 39. Qxg6+ Qg7 40. Qf5 Rf8 41. Rf2 Rcd8 42. Rf4 Rd6 43. Rg4 Rg6 44. Rxg6 Qxg6 45. Qxg6+ 1-0


[Site "https://www.chess.com"]

[Event "Titled Tuesday Blitz May 2 Late 2023"]
[White "Erzhanov, Arman"]
[Black "Nasir, Zehn"]
[WhiteFideId "4138821"]
[BlackFideId "2613239"]
[WhiteElo "2138"]
[BlackElo "1993"]
[Result "1-0"]
[Round "06"]
[TimeControl "180+2"]
[Date "2023.05.02"]
[WhiteClock "0:00:49"]
[BlackClock "0:00:05"]

1. e4 c6 2. d4 d5 3. exd5 cxd5 4. c4 Nf6 5. Nc3 Nc6 6. Nf3 e6 7. c5 Be7 8. Bb5 Bd7 9. O-O O-O 10. Re1 a5 11. Na4 Ne4 12. Nb6 Rb8 13. Bf4 e5 14. Nxd7 Qxd7 15. Nxe5 Qf5 16. Nxc6 bxc6 17. Bxb8 Qxf2+ 18. Kh1 Rxb8 19. Bd3 Rxb2 20. Bxe4 dxe4 21. Qg4 f5 22. Qg3 Qxg3 23. hxg3 Bf6 24. Rad1 Rxa2 25. d5 cxd5 26. Rxd5 g6 27. Rc1 Bg5 28. Rc3 Bd2 29. Rc4 Be3 30. c6 f4 31. c7 fxg3 32. c8=Q+ Kg7 33. Rd7+ Kh6 34. Qf8+ Kg5 35. Rd5+ Kh4 36. Rxe4+ Bf4 37. Rxf4# 1-0


[Site "https://www.chess.com"]

[Event "Titled Tuesday Blitz May 2 Late 2023"]
[White "Womacka, Mathias"]
[Black "Simonian, Hrair"]
[WhiteFideId "4611390"]
[BlackFideId "13302337"]
[WhiteElo "2377"]
[BlackElo "2447"]
[Result "0-1"]
[Round "06"]
[TimeControl "180+2"]
[Date "2023.05.02"]
[WhiteClock "0:00:08"]
[BlackClock "0:00:40"]

1. e4 c5 2. Nf3 e6 3. d4 cxd4 4. Nxd4 a6 5. Bd3 Bc5 6. Nb3 Be7 7. Qg4 g6 8. Qe2 d6 9. O-O h5 10. a4 Nf6 11. Na3 Nc6 12. Nc4 Ne5 13. a5 Nxc4 14. Bxc4 Bd7 15. Nd4 Qc7 16. Bd2 Nxe4 17. Bxe6 Nxd2 18. Bxd7+ Qxd7 19. Qxd2 O-O 20. Ne2 Bf6 21. c3 d5 22. Rfd1 Rad8 23. Qc2 Qg4 24. h3 Qe4 25. Qxe4 dxe4 26. Ng3 Rfe8 27. Kf1 e3 28. fxe3 Rxe3 29. Kf2 Rde8 30. Re1 Rxe1 31. Rxe1 Rxe1 32. Kxe1 Bh4 33. Kf2 f5 34. Kf3 Bd8 35. b4 Bf6 36. Ne2 Kf7 37. g3 g5 38. Ke3 Be5 39. Nd4 Kf6 40. Ne2 Ke6 41. Kd3 g4 42. hxg4 fxg4 43. Ke3 Kd5 44. Kd3 Kc6 45. Ke4 Kd6 46. Kf5 Kd5 47. c4+ Kxc4 48. Kxe5 Kxb4 49. Nf4 Kxa5 50. Nxh5 Kb4 51. Nf6 a5 52. Nxg4 a4 53. Ne3 Kb3 0-1


[Site "https://www.chess.com"]

[Event "Titled Tuesday Blitz May 2 Late 2023"]
[White "Wieczorek, Oskar"]
[Black "Shapiro, Viktor"]
[WhiteFideId "1133950"]
[BlackFideId "4175700"]
[WhiteElo "2418"]
[BlackElo "2152"]
[Result "1-0"]
[Round "06"]
[TimeControl "180+2"]
[Date "2023.05.02"]
[WhiteClock "0:00:46"]
[BlackClock "0:01:21"]

1. e4 Nf6 2. e5 Nd5 3. d4 d6 4. exd6 cxd6 5. c4 Nb6 6. Nc3 g6 7. Be3 Bg7 8. Rc1 O-O 9. Nf3 f5 10. g3 e5 11. dxe5 dxe5 12. Qxd8 Rxd8 13. c5 f4 14. gxf4 exf4 15. Bxf4 Rf8 16. Bg3 Rxf3 17. cxb6 Be6 18. Bg2 Rf7 19. Nb5 Nc6 20. Nc7 Rd8 21. Nxe6 Re7 22. Bh3 Nd4 23. Rc7 Rde8 24. Rxe7 Rxe7 25. bxa7 1-0


[Site "https://www.chess.com"]

[Event "Titled Tuesday Blitz May 2 Late 2023"]
[White "Colpe, Malte"]
[Black "Osinenko, Anton"]
[WhiteFideId "24623075"]
[BlackFideId "4158970"]
[WhiteElo "2289"]
[BlackElo "2294"]
[Result "0-1"]
[Round "06"]
[TimeControl "180+2"]
[Date "2023.05.02"]
[WhiteClock "0:02:04"]
[BlackClock "0:02:26"]

1. d4 Nf6 2. c4 e5 3. dxe5 Ng4 4. Nf3 Nc6 5. e3 Ngxe5 6. Nxe5 Nxe5 7. f4 Ng6 8. Nc3 a5 9. Bd3 Bc5 10. O-O O-O 11. Kh1 f5 12. e4 d6 13. Qh5 Qh4 14. Qxh4 Nxh4 15. g3 Ng6 16. Nd5 c6 17. Ne7+ Nxe7 0-1


[Site "https://www.chess.com"]

[Event "Titled Tuesday Blitz May 2 Late 2023"]
[White "Ciolacu, Alessia-Mihaela"]
[Black "Rosen, Eric"]
[WhiteFideId "1252640"]
[BlackFideId "2032562"]
[WhiteElo "1913"]
[BlackElo "2331"]
[Result "0-1"]
[Round "06"]
[TimeControl "180+2"]
[Date "2023.05.02"]
[WhiteClock "0:01:24"]
[BlackClock "0:02:24"]

1. d4 d5 2. c4 e6 3. Nc3 Nf6 4. cxd5 exd5 5. Bg5 c6 6. e3 Bd6 7. Bd3 h6 8. Bh4 O-O 9. f4 Re8 10. Bxf6 Qxf6 11. Qf3 Qxd4 12. Kd2 Rxe3 13. Qxe3 Bxf4 14. Qxf4 Qxf4+ 15. Kc2 Na6 16. a3 Nc5 17. Nge2 Qe3 18. Rad1 Nxd3 0-1


[Site "https://www.chess.com"]